| TOP OF THE 1ST |
|
Cincinnati Reds batting - Pitching for Minnesota Twins : LHP Darren Oliver
|
|
Pitching: LHP Darren Oliver
|
|
|
Batting: LHB Fernando Vina
|
0-0: Foul Ball, location: 2F 0-1: Ball 1-1: Hit by Pitch
|
|
Batting: SHB Bernie Williams
|
0-0: Ball 1-0: Foul Ball, location: 2F 1-1: Ball 2-1: Grounds into double play, 6-4-3 (Groundball, 6, EV 98.8 MPH)
|
|
Batting: RHB Scott Rolen
|
0-0: Ball 1-0: Ball 2-0: Foul Ball, location: 2F 2-1: Swinging Strike 2-2: Strikes out looking
|
| Top of the 1st over - 0 runs, 0 hits, 0 errors, 0 left on base; Cincinnati 0 - Minnesota 0 |
| BOTTOM OF THE 1ST |
|
Minnesota Twins batting - Pitching for Cincinnati Reds : RHP Jose Rijo
|
|
Pitching: RHP Jose Rijo
|
|
|
Batting: LHB Darin Erstad
|
0-0: Called Strike 0-1: Ball 1-1: Foul Ball, location: 2F 1-2: Ground out 6-3 (Groundball, 6, EV 99.4 MPH)
|
|
Batting: LHB Kal Daniels
|
0-0: Called Strike 0-1: Foul Ball, location: 2F 0-2: Ball 1-2: Ball 2-2: Strikes out swinging
|
|
Batting: RHB Frank Thomas
|
0-0: Swinging Strike 0-1: Ball 1-1: Ball 2-1: Ball 3-1: Called Strike 3-2: Strikes out swinging
|
| Bottom of the 1st over - 0 runs, 0 hits, 0 errors, 0 left on base; Cincinnati 0 - Minnesota 0 |
| TOP OF THE 2ND |
|
Cincinnati Reds batting - Pitching for Minnesota Twins : LHP Darren Oliver
|
|
Batting: RHB Javy Lopez
|
0-0: Ball 1-0: Ball 2-0: Fly out, F9 (Flyball, 9LM, EV 86.9 MPH)
|
|
Batting: LHB Fred McGriff
|
0-0: Foul Ball, location: 2F 0-1: Foul Ball, location: 2F 0-2: Ball 1-2: Strikes out swinging
|
|
Batting: SHB Omar Vizquel
|
0-0: Called Strike 0-1: Called Strike 0-2: Fly out, F7 (Flyball, 7S, EV 97.5 MPH)
|
| Top of the 2nd over - 0 runs, 0 hits, 0 errors, 0 left on base; Cincinnati 0 - Minnesota 0 |
| BOTTOM OF THE 2ND |
|
Minnesota Twins batting - Pitching for Cincinnati Reds : RHP Jose Rijo
|
|
Batting: LHB Larry Walker
|
0-0: Foul Ball, location: 2F 0-1: Ball 1-1: Ball 2-1: Fly out, F8 (Flyball, 8LS, EV 88.8 MPH)
|
|
Batting: RHB Koji Akiyama
|
0-0: Foul Ball, location: 2F 0-1: Ball 1-1: SOLO HOME RUN (Flyball, 78XD, EV 102.5 MPH), Distance : 381 ft
|
|
Batting: RHB Brook Fordyce
|
0-0: Ball 1-0: Ground out 4-3 (Groundball, 4M, EV 104.4 MPH)
|
|
Batting: SHB Brent Gates
|
0-0: Called Strike 0-1: Ball 1-1: Called Strike 1-2: Strikes out swinging
|
| Bottom of the 2nd over - 1 run, 1 hit, 0 errors, 0 left on base; Cincinnati 0 - Minnesota 1 |
| TOP OF THE 3RD |
|
Cincinnati Reds batting - Pitching for Minnesota Twins : LHP Darren Oliver
|
|
Batting: SHB Scott Spiezio
|
0-0: Ball 1-0: Foul Ball, location: 2F 1-1: Ball 2-1: Fly out, F9 (Line Drive, 9, EV 90.0 MPH)
|
|
Batting: LHB Bobby Higginson
|
0-0: Ground out 3-1 (Groundball, 34, EV 84.4 MPH)
|
|
Batting: SHB Dwayne Hosey
|
0-0: Fly out, F3 (Popup, 34, EV 59.4 MPH)
|
| Top of the 3rd over - 0 runs, 0 hits, 0 errors, 0 left on base; Cincinnati 0 - Minnesota 1 |
| BOTTOM OF THE 3RD |
|
Minnesota Twins batting - Pitching for Cincinnati Reds : RHP Jose Rijo
|
|
Batting: RHB Mark Grudzielanek
|
0-0: Ball 1-0: Ball 2-0: Called Strike 2-1: Ground out 4-3 (Groundball, 4, EV 88.1 MPH)
|
|
Batting: RHB Rey Ordonez
|
0-0: Ball 1-0: Called Strike 1-1: Ball 2-1: Swinging Strike 2-2: Fly out, F7 (Flyball, 7, EV 90.6 MPH)
|
|
Batting: LHB Darin Erstad
|
0-0: Ball 1-0: Foul Ball, location: 2F 1-1: Foul Ball, location: 2F 1-2: SOLO HOME RUN (Flyball, 89XD, EV 103.8 MPH), Distance : 357 ft
|
|
Batting: LHB Kal Daniels
|
0-0: Ball 1-0: Called Strike 1-1: Swinging Strike 1-2: Strikes out swinging
|
| Bottom of the 3rd over - 1 run, 1 hit, 0 errors, 0 left on base; Cincinnati 0 - Minnesota 2 |
| TOP OF THE 4TH |
|
Cincinnati Reds batting - Pitching for Minnesota Twins : LHP Darren Oliver
|
|
Batting: LHB Fernando Vina
|
0-0: Ground out 6-3 (Groundball, 6, EV 90.6 MPH)
|
|
Batting: SHB Bernie Williams
|
0-0: Ball 1-0: Swinging Strike 1-1: Swinging Strike 1-2: Foul Ball, location: 2F 1-2: Ball 2-2: Ball 3-2: Strikes out swinging
|
|
Batting: RHB Scott Rolen
|
0-0: Ball 1-0: Called Strike 1-1: Ball 2-1: Reached on error, E5 (Groundball, 5L, EV 100.6 MPH)
|
|
Batting: RHB Javy Lopez
|
0-0: Ball 1-0: SINGLE (Line Drive, 56, EV 103.1 MPH) Scott Rolen to third
|
|
Batting: LHB Fred McGriff
|
0-0: Ball 1-0: Ball 2-0: Swinging Strike 2-1: Foul Ball, location: 2F 2-2: Ball 3-2: Fly out, F8 (Line Drive, 8LM, EV 88.8 MPH)
|
| Top of the 4th over - 0 runs, 1 hit, 1 error, 2 left on base; Cincinnati 0 - Minnesota 2 |
| BOTTOM OF THE 4TH |
|
Minnesota Twins batting - Pitching for Cincinnati Reds : RHP Jose Rijo
|
|
Batting: RHB Frank Thomas
|
0-0: Ball 1-0: Ball 2-0: Ball 3-0: Called Strike 3-1: Foul Ball, location: 2F 3-2: Strikes out swinging
|
|
Batting: LHB Larry Walker
|
0-0: Called Strike 0-1: Called Strike 0-2: Ball 1-2: Strikes out looking
|
|
Batting: RHB Koji Akiyama
|
0-0: Ball 1-0: Swinging Strike 1-1: SINGLE (Groundball, 56S, EV 68.1 MPH) (infield hit)
|
|
Batting: RHB Brook Fordyce
|
0-0: Called Strike 0-1: Fly out, F8 (Line Drive, 8RD, EV 111.3 MPH)
|
| Bottom of the 4th over - 0 runs, 1 hit, 0 errors, 1 left on base; Cincinnati 0 - Minnesota 2 |
| TOP OF THE 5TH |
|
Cincinnati Reds batting - Pitching for Minnesota Twins : LHP Darren Oliver
|
|
Batting: SHB Omar Vizquel
|
0-0: Called Strike 0-1: Called Strike 0-2: Ball 1-2: Ball 2-2: Ball 3-2: SINGLE (Groundball, 15S, EV 68.1 MPH) (infield hit)
|
|
Batting: SHB Scott Spiezio
|
0-0: Ball 1-0: Called Strike 1-1: Fielders Choice at 2nd, 5-4 (Groundball, 56S, EV 81.3 MPH)
|
|
Batting: LHB Bobby Higginson
|
0-0: Ball 1-0: Ball 2-0: Ball 3-0: Base on Balls Scott Spiezio to second
|
|
Batting: SHB Dwayne Hosey
|
0-0: Ball 1-0: Foul Ball, location: 2F 1-1: Foul Ball, location: 2F 1-2: Ball 2-2: Ball 3-2: Base on Balls Scott Spiezio to third Bobby Higginson to second
|
|
Batting: LHB Fernando Vina
|
0-0: Ball 1-0: Fly out, F9 (Line Drive, 9D, EV 88.8 MPH) Runner from 3rd tags up, SCORES, throw by RF Bobby Higginson to third
|
|
Batting: SHB Bernie Williams
|
0-0: Foul Ball, location: 2F 0-1: Foul Ball, location: 2F 0-2: Ball 1-2: Foul Ball, location: 2F 1-2: SINGLE (Groundball, 4M, EV 85.0 MPH) (infield hit) Bobby Higginson scores Dwayne Hosey to second
|
|
Batting: RHB Scott Rolen
|
0-0: Swinging Strike 0-1: Ball 1-1: Swinging Strike 1-2: Ball 2-2: Ball 3-2: Base on Balls Dwayne Hosey to third Bernie Williams to second
|
|
Batting: RHB Javy Lopez
|
0-0: Called Strike 0-1: Fly out, F9 (Flyball, 9S, EV 89.4 MPH)
|
| Top of the 5th over - 2 runs, 2 hits, 0 errors, 3 left on base; Cincinnati 2 - Minnesota 2 |
| BOTTOM OF THE 5TH |
|
Minnesota Twins batting - Pitching for Cincinnati Reds : RHP Jose Rijo
|
|
Batting: SHB Brent Gates
|
0-0: Ball 1-0: Swinging Strike 1-1: SINGLE (Groundball, 34D, EV 105.6 MPH)
|
|
Batting: RHB Mark Grudzielanek
|
0-0: Ball 1-0: Foul Ball, location: 2F 1-1: Foul Ball, location: 2F 1-2: SINGLE (Line Drive, 6MD, EV 104.4 MPH) Brent Gates to second Throwing error, E8 Brent Gates scores Mark Grudzielanek to second
|
|
Batting: RHB Rey Ordonez
|
0-0: Bunt missed! 0-1: Bunt missed! 0-2: Ground out 3-1 (Groundball, 34, EV 110.6 MPH) Mark Grudzielanek to third
|
|
Batting: LHB Darin Erstad
|
0-0: Ball 1-0: Called Strike 1-1: Swinging Strike 1-2: Fly out, F8 (Flyball, 8LM, EV 98.8 MPH) Runner from 3rd tags up, SCORES, throw by CF
|
|
Batting: LHB Kal Daniels
|
0-0: Called Strike 0-1: Ball 1-1: Ball 2-1: Fly out, F8 (Flyball, 8LD, EV 86.9 MPH)
|
| Bottom of the 5th over - 2 runs, 2 hits, 1 error, 0 left on base; Cincinnati 2 - Minnesota 4 |
| TOP OF THE 6TH |
|
Cincinnati Reds batting - Pitching for Minnesota Twins : LHP Darren Oliver
|
|
Batting: LHB Fred McGriff
|
0-0: Foul Ball, location: 2F 0-1: Swinging Strike 0-2: Ball 1-2: Fly out, F9 (Flyball, 9, EV 83.1 MPH)
|
|
Pitching: LHP Paul Spoljaric
|
|
|
Batting: SHB Omar Vizquel
|
0-0: Called Strike 0-1: Foul Ball, location: 2F 0-2: Ground out 5-3 (Groundball, 56S, EV 81.3 MPH)
|
|
Batting: SHB Scott Spiezio
|
0-0: Called Strike 0-1: Ball 1-1: Swinging Strike 1-2: Foul Ball, location: 2F 1-2: Fly out, F9 (Flyball, 89M, EV 77.5 MPH)
|
| Top of the 6th over - 0 runs, 0 hits, 0 errors, 0 left on base; Cincinnati 2 - Minnesota 4 |
| BOTTOM OF THE 6TH |
|
Minnesota Twins batting - Pitching for Cincinnati Reds : RHP Jose Rijo
|
|
Batting: RHB Frank Thomas
|
0-0: Ball 1-0: Swinging Strike 1-1: SINGLE (Groundball, 4MD, EV 98.1 MPH)
|
|
Batting: LHB Larry Walker
|
0-0: SINGLE (Line Drive, 6M, EV 105.6 MPH) Frank Thomas to second
|
|
Batting: RHB Koji Akiyama
|
0-0: Swinging Strike 0-1: Called Strike 0-2: Ball 1-2: Foul Ball, location: 2F 1-2: Strikes out looking
|
|
Batting: RHB Brook Fordyce
|
0-0: Called Strike 0-1: Grounds into double play, 4-6-3 (Groundball, 4, EV 87.5 MPH)
|
| Bottom of the 6th over - 0 runs, 2 hits, 0 errors, 1 left on base; Cincinnati 2 - Minnesota 4 |
| TOP OF THE 7TH |
|
Cincinnati Reds batting - Pitching for Minnesota Twins : LHP Paul Spoljaric
|
|
Batting: LHB Bobby Higginson
|
0-0: Foul Ball, location: 2F 0-1: Called Strike 0-2: Ball 1-2: Strikes out swinging
|
|
Batting: SHB Dwayne Hosey
|
0-0: Ball 1-0: Ball 2-0: Ball 3-0: Base on Balls
|
|
Pitching: RHP Trevor Hoffman
|
|
|
Batting: LHB Fernando Vina
|
0-0: Ball 1-0: Ball 2-0: Fly out, F8 (Line Drive, 8LD, EV 97.5 MPH)
|
|
Batting: SHB Bernie Williams
|
0-0: Ball 1-0: Ball 2-0: Fly out, F5 (Popup, 56S, EV 85.6 MPH)
|
| Top of the 7th over - 0 runs, 0 hits, 0 errors, 1 left on base; Cincinnati 2 - Minnesota 4 |
| BOTTOM OF THE 7TH |
|
Minnesota Twins batting - Pitching for Cincinnati Reds : RHP Jose Rijo
|
|
Batting: SHB Brent Gates
|
0-0: Called Strike 0-1: Ball 1-1: Ball 2-1: Ball 3-1: SINGLE (Flyball, 9LS, EV 90.0 MPH)
|
|
Batting: RHB Mark Grudzielanek
|
0-0: Ball 1-0: Ground out 6-3 (Groundball, 6, EV 103.1 MPH) Brent Gates to second
|
|
Batting: RHB Rey Ordonez
|
0-0: Foul Ball, location: 2F 0-1: Foul Ball, location: 2F 0-2: Ball 1-2: Ground out 5-3 (Groundball, 56, EV 106.3 MPH)
|
|
Batting: LHB Darin Erstad
|
0-0: Ground out 6-3 (Groundball, 56, EV 86.9 MPH)
|
| Bottom of the 7th over - 0 runs, 1 hit, 0 errors, 1 left on base; Cincinnati 2 - Minnesota 4 |
| TOP OF THE 8TH |
|
Cincinnati Reds batting - Pitching for Minnesota Twins : RHP Trevor Hoffman
|
|
Batting: RHB Scott Rolen
|
0-0: Ball 1-0: Called Strike 1-1: Foul Ball, location: 2F 1-2: Strikes out swinging
|
|
Batting: RHB Javy Lopez
|
0-0: Ball 1-0: Ground out 5-3 (Groundball, 56, EV 110.0 MPH)
|
|
Batting: LHB Fred McGriff
|
0-0: Ball 1-0: SINGLE (Groundball, 3D, EV 94.4 MPH)
|
|
Batting: SHB Omar Vizquel
|
0-0: Ball 1-0: Called Strike 1-1: Ground out 6-3 (Groundball, 6S, EV 86.3 MPH)
|
| Top of the 8th over - 0 runs, 1 hit, 0 errors, 1 left on base; Cincinnati 2 - Minnesota 4 |
| BOTTOM OF THE 8TH |
|
Minnesota Twins batting - Pitching for Cincinnati Reds : RHP Jose Rijo
|
|
Batting: LHB Kal Daniels
|
0-0: Ball 1-0: Foul Ball, location: 2F 1-1: Ball 2-1: Foul Ball, location: 2F 2-2: Ball 3-2: Fly out, F8 (Flyball, 8RM, EV 85.6 MPH)
|
|
Batting: RHB Frank Thomas
|
0-0: Called Strike 0-1: Ball 1-1: Ball 2-1: Ball 3-1: Base on Balls
|
|
Pitching: LHP Arthur Rhodes
|
|
|
Batting: LHB Larry Walker
|
0-0: Called Strike 0-1: Ball 1-1: Foul Ball, location: 2F 1-2: Foul Ball, location: 2F 1-2: Foul Ball, location: 2F 1-2: Strikes out swinging
|
|
Batting: RHB Koji Akiyama
|
0-0: SINGLE (Line Drive, 4D, EV 100.0 MPH) Frank Thomas to second
|
|
Batting: RHB Brook Fordyce
|
0-0: Called Strike 0-1: Fly out, F8 (Flyball, 8RD, EV 89.4 MPH)
|
| Bottom of the 8th over - 0 runs, 1 hit, 0 errors, 2 left on base; Cincinnati 2 - Minnesota 4 |
| TOP OF THE 9TH |
|
Cincinnati Reds batting - Pitching for Minnesota Twins : RHP Trevor Hoffman
|
|
Pitching: RHP Rob Dibble
|
|
|
Batting: SHB Scott Spiezio
|
0-0: Ball 1-0: Foul Ball, location: 2F 1-1: Swinging Strike 1-2: Strikes out swinging
|
|
Batting: LHB Bobby Higginson
|
0-0: Foul Ball, location: 2F 0-1: Ball 1-1: Ball 2-1: Swinging Strike 2-2: Ground out 4-3 (Groundball, 34, EV 101.9 MPH)
|
|
Batting: SHB Dwayne Hosey
|
0-0: Ball 1-0: Called Strike 1-1: Foul Ball, location: 2F 1-2: Ball 2-2: Ball 3-2: SINGLE (Flyball, 78S, EV 91.3 MPH)
|
|
Batting: LHB Fernando Vina
|
0-0: Ball 1-0: Ball 2-0: Called Strike 2-1: Swinging Strike 2-2: Fly out, F7 (Line Drive, 7, EV 98.1 MPH)
|
| Top of the 9th over - 0 runs, 1 hit, 0 errors, 1 left on base; Cincinnati 2 - Minnesota 4 |
|